 Dungeon Crawl Stone Soup version 0.30.0-5-g1a98f26d00 (webtiles) character file.

Game seed: 16823760163970640929

907 SnakkuSnakku7 the Insei (level 7, -2/52 HPs)
             Began as a Vampire Hedge Wizard on May 12, 2023.
             Splashed by a jelly's acid (7 damage)
             ... on level 4 of the Dungeon.
             The game lasted 00:07:00 (3943 turns).

SnakkuSnakku7 the Insei (Vampire Hedge Wizard)      Turns: 3943, Time: 00:07:01

Health: -2/52      AC: -11   Str: 11      XL:     7   Next: 81%
Magic:  11/11      EV: 10    Int: 17      God:
Gold:   205        SH:  0    Dex: 12 (13) Spells: 11/12 levels left

rFire   . .          .
                       - Unarmed
rCold   . . .        (no shield)
rNeg    . . .        j - +0 ring mail
rPois   .            c - +0 hat
rElec   .            (no cloak)
rCorr   .            (no gloves)
SInv    +            (no boots)
Will    .....        (no amulet)
Stlth   +            (no ring)
HPRegen 0.48/turn    (no ring)
MPRegen 0.12/turn

%: no passive effects
@: corroded, healing quickly
A: alive, fangs 3, see invisible, vampiric 2
a: Exsanguinate


You were on level 4 of the Dungeon.
You visited 1 branch of the dungeon, and saw 5 of its levels.
You also visited: Sewer.

You collected 205 gold pieces.

Inventory:

Hand Weapons
 a - a +0 dagger
 k - a +1 dagger of venom
Missiles
 x - 12 poisoned darts
 y - a curare-tipped dart
Armour
 b - a +0 robe
 c - a +0 hat (worn)
 j - a +0 ring mail (worn)
 m - an orb of mayhem
Scrolls
 f - 2 scrolls of identify
 h - 2 scrolls of vulnerability
 n - a scroll of brand weapon {unknown}
 r - a scroll of amnesia {unknown}
 t - a scroll of enchant weapon {unknown}
 u - a scroll of immolation {unknown}
 v - a scroll of fear {unknown}
 w - 2 scrolls of teleportation {unknown}
 B - a scroll of poison {unknown}
Potions
 d - 3 potions of magic
 e - a potion of flight
 g - a potion of curing
 i - 3 potions of heal wounds
 l - 2 potions of brilliance {unknown}
 o - 2 potions of haste {unknown}
 p - a potion of degeneration {unknown}
 q - a potion of attraction {unknown}
 s - 4 potions of cancellation {unknown}
 z - 3 potions of mutation {unknown}
 A - a potion of invisibility {unknown}


   Skills:
 - Level 3.0 Fighting
 + Level 3.9 Throwing
 - Level 2.1 Dodging
 - Level 3.0 Stealth
 + Level 7.0 Unarmed Combat
 - Level 3.0 Spellcasting
 - Level 0.6 Conjurations
 - Level 1.0 Summonings
 - Level 0.7 Translocations


You had 11 spell levels left.
You knew the following spells:

 Your Spells              Type           Power      Damage    Failure   Level
a - Magic Dart            Conj           16%        1d3       32%         1

Your spell library contained the following spells:

 Spells                   Type           Power      Damage    Failure   Level
 Slow                     Hex            8%         N/A       38%         1
 Call Imp                 Summ           10%        N/A       38%         2
 Blink                    Tloc           10%        N/A       43%         2
 Cigotuvi's Dreadful Rot  Necr/Pois/Air  4%         N/A       54%         2
 Mephitic Cloud           Conj/Pois/Air  3%         N/A       75%         3


Dungeon Overview and Level Annotations

Branches:
Dungeon (5/15)              Sewer (visited)
 Temple: D:4-7

Altars:
Cheibriados
Gozag


Innate Abilities, Weirdness & Mutations

Your natural rate of healing is accelerated.
You have razor-sharp teeth.
You have supernaturally acute eyesight. (SInv)
You are afflicted with vampirism and can become a bat while bloodless.


Message History

You are now empty-handed.
The jelly quivers.
Unknown command.
You aren't carrying any items that you can evoke.
Unknown command.
You hit the jelly.
Your hands burn!
The jelly is lightly wounded.
The jelly hits you. The acid corrodes you!
You are splashed with acid.
You hit the jelly.
Your hands burn!
The jelly is moderately wounded.
The jelly hits you but does no damage.
You barely miss the jelly.
The jelly is moderately wounded.
The jelly completely misses you.
You punch the jelly! The acid corrodes you!
Your hands burn!
The jelly is almost dead.
The jelly hits you. The acid corrodes you!
You are splashed with acid.
You are too injured to fight recklessly!
You are too injured to fight recklessly!
You are too injured to fight recklessly!
You hit the jelly but do no damage.
Your hands burn!
The jelly is almost dead.
You hit the jelly but do no damage. The acid corrodes you!
Your hands burn!
The jelly is almost dead.
The jelly hits you.
You are splashed with acid!
* * * LOW HITPOINT WARNING * * *
Unknown command.
You barely miss the jelly.
The jelly is almost dead.
The jelly barely misses you.
You aren't carrying any items that you can evoke.
Unknown command.
You hit the jelly.
Your hands burn!
* * * LOW HITPOINT WARNING * * *
You bite the jelly, but do no damage.
The jelly is almost dead.
The jelly hits you.
* * * LOW HITPOINT WARNING * * *
You are splashed with acid!
You die...

#~..~~~.≈~.####.......##
#...## .♣.~..~..♣.##
#......## #....#
..≈.~.♣.~~≈.#
#..###########....#
.≈~.~~~.....#
#.....#.....###...#
#~~.≈~♣..~≈.# #.....'.....#
#...#
#≈~~.≈~~~.~.###..8..'..†._#
##..#
#~..~.~...~..##.....'.....#
####
##~♣~.~.....###.....#.....#
###...#....# #.@###########
##.#####.####.J..........##
##..# ### #..............#
#..## #..............#
##.## ##...##.........#
#..# ###....###........#
#.## #......# ####.....#
..## ##......# #######
...## #.......#


You could see a jelly.

Vanquished Creatures
  Pikel (D:3)
  2 lemures (D:3)
  3 kobold brigands (Sewer)
  A sleepcap (D:4)
  An orc wizard (D:5)
  7 gnolls
  4 adders
  2 ufetubi (D:5)
  3 worms
  A dart slug (D:4)
  6 orcs
  8 ball pythons
  6 bats
  6 endoplasms
  3 giant cockroaches
  8 goblins
  6 hobgoblins
  2 quokkas (D:1)
  3 frilled lizards
  16 kobolds
  11 rats
100 creatures vanquished.

Notes
Turn   | Place    | Note
-------+----------+-------------------------------------------
     0 | D:1      | SnakkuSnakku7 the Vampire Hedge Wizard began the quest for
                  | the Orb.
     0 | D:1      | Reached XP level 1. HP: 13/13 MP: 4/4
   353 | D:1      | Reached skill level 1 in Unarmed Combat
   434 | D:1      | Reached skill level 1 in Fighting
   434 | D:1      | Reached XP level 2. HP: 21/21 MP: 6/6
   907 | D:2      | Reached skill level 2 in Unarmed Combat
   957 | D:2      | Gained mutation: You are afflicted with vampirism and can
                  | become a bat while bloodless. [Vampire growth]
   957 | D:2      | Reached XP level 3. HP: 26/26 MP: 7/7
  1285 | D:2      | Found an opulent altar of Gozag.
  1563 | D:3      | Found a faded altar of an unknown god.
  2215 | D:3      | Reached XP level 4. HP: 33/33 MP: 8/8
  2275 | D:4      | Reached skill level 3 in Unarmed Combat
  2568 | D:4      | Noticed a phantom
  2582 | D:5      | Entered Level 5 of the Dungeon
  2654 | D:5      | Reached XP level 5. HP: 30/40 MP: 9/9
  2742 | D:5      | Reached skill level 4 in Unarmed Combat
  2749 | D:5      | Noticed an ogre
  2766 | D:5      | Found a glowing drain.
  2776 | Sewer    | Entered a sewer
  2899 | Sewer    | Reached skill level 1 in Throwing
  2899 | Sewer    | Reached XP level 6. HP: 33/47 MP: 10/10
  2952 | Sewer    | Reached skill level 5 in Unarmed Combat
  3314 | D:4      | Noticed Pikel
  3440 | D:4      | HP: 1/42 [lemure[Pikel] (3)]
  3486 | D:3      | Killed Pikel
  3487 | D:3      | Reached skill level 6 in Unarmed Combat
  3487 | D:3      | Reached XP level 7. HP: 28/52 MP: 11/11
  3709 | D:4      | Reached skill level 7 in Unarmed Combat
  3862 | D:4      | Found a snail-covered altar of Cheibriados.
  3943 | D:4      | Splashed by a jelly's acid

Illustrated notes

Levels and vault maps discovered:
D:1:      minmay_arrival_loop, layout_basic
D:2:      layout_loops_cross, basic_altar, corexii_shack, hex_large
D:3:      layout_basic, hellmonk_ecumenical_altar_prayer_group
D:4:      layout_cave_pods, slow_altar_2, chequers_serial_rivers_marsh,
          hangedman_decor_growths, minmay_circle_x, uniq_pikel, uniq_natasha
D:5:      layout_cave_pools, portal_sewer_entry_f

Skill      XL: |  1  2  3  4  5  6  7 |
---------------+----------------------+-----
Unarmed Combat | 1 2 3 4 6 7 |  7.0
Fighting       | 1 2 3 |  3.0
Throwing       | 1 3 |  3.9
Dodging        | |  2.1
Stealth        | |  3.0
Spellcasting   | |  3.0
Conjurations   | |  0.6
Summonings     | |  1.0
Translocations | |  0.7

Action                     |  1- 3 |  4- 6 |  7- 9 || total
---------------------------+-------+-------+-------++-------
  Melee: Dagger            |   115 |   193 |    22 ||   330
         Bite              |    10 |    24 |     7 ||    41
         Unarmed           |     5 |     1 |     8 ||    14
         Punch             |     2 |     5 |       ||     7
   Cast: Magic Dart        |     3 |       |       ||     3
Ability: End Transformatio |       |     1 |       ||     1
         Bat Form          |       |     1 |       ||     1
         Exsanguinate      |       |     1 |       ||     1
         Revivify          |       |     1 |       ||     1
    Use: Potion            |       |     8 |       ||     8
         Scroll            |       |     2 |       ||     2
   Stab: Sleeping          |     2 |     4 |       ||     6
 Armour: Robe              |     8 |       |       ||     8
         Ring mail         |    33 |    63 |     3 ||    99
  Dodge: Dodged            |    55 |   119 |    22 ||   196
